 Dungeon Crawl Stone Soup version 0.21-a0-442-g848f44b (webtiles) character file.

210 torrenera the Slasher (level 5, -1/41 HPs)
             Began as a Demonspawn Fighter on Nov 15, 2017.
             Was an Initiate of Gozag.
             Slain by a river rat (2 damage)
             ... summoned by Eustachio
             ... on level 4 of the Dungeon.
             The game lasted 00:05:12 (2463 turns).

torrenera the Slasher (Demonspawn Fighter)          Turns: 2463, Time: 00:05:13

Health: -1/41      AC:  7    Str: 18      XL:     5   Next: 56%
Magic:  5/5        EV:  7    Int:  9      God:    Gozag
Gold:   204        SH:  8    Dex: 11 (12) Spells: 4/4 levels left

rFire    + + .     SeeInvis .   a - +0 long sword
rCold    + . .     Gourm    .   c - +0 shield
rNeg     . . .     Faith    .   b - +0 scale mail
rPois    .         Spirit   .   (no helmet)
rElec    .         Reflect  .   w - scarf {rC+ rF+}
rCorr    .         Harm     .   (no gloves)
MR       .....                  s - +0 pair of boots
Stlth    ..........             (no amulet)
HPRegen  0.13/turn              l - ring of protection from fire
MPRegen  0.09/turn              (no ring)

@: no status effects
A: claws 1, spiny 1
a: Potion Petition, Call Merchant, Bribe Branch, Renounce Religion


You were on level 4 of the Dungeon.
You worshipped Gozag.
Gozag was aware of your devotion.
You were not hungry.

You visited 1 branch of the dungeon, and saw 4 of its levels.

You collected 204 gold pieces.

Inventory:

Hand Weapons
 a - a +0 long sword (weapon)
Missiles
 h - 132 stones (quivered)
Armour
 b - a +0 scale mail (worn)
 c - a +0 shield (worn)
 s - a +0 pair of boots (worn)
 w - a scarf of resistance (worn)
Jewellery
 l - a ring of protection from fire (left claw)
Scrolls
 e - a scroll of blinking {unknown}
 i - 2 scrolls of magic mapping {unknown}
 k - 3 scrolls of remove curse {unknown}
 n - 2 scrolls of noise {unknown}
 o - a scroll of amnesia {unknown}
 p - 2 scrolls of enchant weapon {unknown}
 t - 5 scrolls of identify {unknown}
 v - a scroll of fog {unknown}
Potions
 d - a potion of might
 g - a potion of haste {unknown}
 j - 2 potions of heal wounds {unknown}
 q - a potion of curing {unknown}
 x - a potion of flight {unknown}
Comestibles
 f - a bread ration
 r - 3 meat rations
 u - 2 royal jellies


   Skills:
 - Level 3.0 Fighting
 + Level 5.4 Long Blades
 - Level 2.6 Armour
 - Level 2.6 Shields


You had 4 spell levels left.
You didn't know any spells.

Dungeon Overview and Level Annotations

Branches:
Dungeon (4/15)
 Temple: D:4-7

Altars:
Dithmenos
Fedhas
Gozag
Ru
Sif Muna
Vehumet
Yredelemnul
The Shining One

Annotations:
D:4 Eustachio


Innate Abilities, Weirdness & Mutations

You have sharp fingernails.
You are partially covered in sharp spines.


Message History

The rat is struck by your spines.
You kill the rat!
The rat's corpse disappears in a puff of smoke!
You block the river rat's attack. The river rat bites you.
* * * LOW HITPOINT WARNING * * *
The crimson imp disappears in a puff of smoke!
The bullfrog skeleton hits you but does no damage.
The river rat barely misses you.
You riposte.
Your shield prevents you from hitting the river rat.
The river rat is lightly wounded.
You block the bullfrog skeleton's attack.
You block the white imp's attack.
The bullfrog skeleton is struck by your spines.
The bullfrog skeleton closely misses you.
The river rat is struck by your spines. The river rat closely misses you.
You block the bullfrog skeleton's attack.
You block the white imp's attack. The river rat bites you.
You die...
Your body crumbles into a pile of gold.

#.# #.# ##>## #
#...####.#
###...#.....
...#..)...<#
.......<...#
...#.....rZ###.####
.........@5@r.....$
#.####...##########
# ##### $$$ $ $ $$$


You could see Eustachio, a river rat, a white imp, a quokka and a bullfrog
skeleton.

Vanquished Creatures
  A hound (D:2)
  The ghost of Goblin1989 the Ducker, a weakling FeMo (D:3)
  A bullfrog skeleton (D:4)
  An orc wizard (D:3)
  3 adders
  An ooze (D:1)
  4 worms
  4 orcs (D:3)
  5 giant cockroaches
  9 goblins
  A hobgoblin (D:1)
  6 bats
  4 frilled lizards
  4 kobolds
  9 rats
54 creatures vanquished.

Notes
Turn   | Place    | Note
-------+----------+-------------------------------------------
     0 | D:1      | torrenera the Demonspawn Fighter began the quest for the Orb.
     0 | D:1      | Reached XP level 1. HP: 18/18 MP: 1/1
    62 | D:1      | Reached skill level 2 in Long Blades
    73 | D:1      | Gained mutation: You have sharp fingernails. [demonic ancestry]
    73 | D:1      | Reached XP level 2. HP: 24/24 MP: 2/2
   404 | D:1      | Reached skill level 3 in Long Blades
   785 | D:2      | Gained mutation: You are partially covered in sharp spines. [demonic ancestry]
   785 | D:2      | Reached XP level 3. HP: 29/29 MP: 3/3
  1006 | D:2      | Found a blossoming altar of Fedhas.
  1317 | D:2      | Reached skill level 4 in Long Blades
  1317 | D:2      | Reached XP level 4. HP: 34/35 MP: 4/4
  1387 | D:2      | Found a deep blue altar of Sif Muna.
  1558 | D:3      | Found a shadowy altar of Dithmenos.
  1636 | D:3      | Noticed Goblin1989's ghost (weakling FeMo)
  1645 | D:3      | Killed Goblin1989's ghost
  1969 | D:3      | Found a basalt altar of Yredelemnul.
  1981 | D:3      | Found a faded altar of an unknown god.
  1993 | D:3      | Reached XP level 5. HP: 41/41 MP: 5/5
  2171 | D:3      | Reached skill level 5 in Long Blades
  2209 | D:3      | Found a glowing golden altar of the Shining One.
  2211 | D:3      | Noticed an angel
  2318 | D:3      | Found a sacrificial altar of Ru.
  2331 | D:3      | Found a radiant altar of Vehumet.
  2389 | D:3      | Became a worshipper of Gozag Ym Sagoz the Greedy
  2430 | D:4      | Noticed Eustachio
  2457 | D:4      | HP: 1/41 [white imp/puff of frost[Eustachio] (5)]
  2463 | D:4      | Slain by a river rat

Vault maps used:
D:1:      lemuel_arrival_hallway
D:2:      fedhas_altar_2, marbit_many_paths
D:3:      grunt_temple_overflow_holy_war, amethyst_overflow_temple_binary,
          nicolae_dithmenos_through_a_glass_darkly,
          chequers_ecumenical_altar_twisty
D:4:      lemuel_temple_firewalk_a, serial_shops, kennysheep_mini, shop,
          nicolae_shop_behind_doors, shop_coins, first_bread, lightli_minifort,
          uniq_eustachio

Skill      XL: |  1  2  3  4  5 |
---------------+----------------+-----
Long Blades    | 2 3 4 5 |  5.4
Fighting       | |  3.0
Armour         | |  2.6
Shields        | |  2.6

Action                   |  1- 3 |  4- 6 || total
-------------------------+-------+-------++-------
Melee: Long sword        |   110 |    49 ||   159
  Eat: Chunk             |     1 |     4 ||     5
Armor: Scale mail        |    58 |    42 ||   100
Dodge: Dodged            |    29 |    37 ||    66
Block: Shield            |    52 |    43 ||    95
       Rpst.: Long sword |     7 |    11 ||    18

Table legend:
 A = Spawn XP
 B = Non-spawn XP
 C = Spawn XP percentage of total XP
 D = Spawn monster count
 E = Non-spawn monster count
 F = Spawn count percentage of total count
 G = Total turns spent on level
                    A         B        C        D         E        F      G
               +---------+---------+-------+---------+---------+-------+---------
         Total |       0 |     300 |   0.0 |       0 |      54 |   0.0 |  2463
               +---------+---------+-------+---------+---------+-------+---------
           D:1 |       0 |      36 |   0.0 |       0 |      21 |   0.0 |   604
           D:2 |       0 |      88 |   0.0 |       0 |      16 |   0.0 |   914
           D:3 |       0 |     136 |   0.0 |       0 |      16 |   0.0 |   912
           D:4 |       0 |      40 |   0.0 |       0 |       1 |   0.0 |    33
               +---------+---------+-------+---------+---------+-------+---------
